 Dungeon Crawl Stone Soup version 0.21.0 (webtiles) character file.

14649 theanonym the Severer (level 11, 0/109 HPs)
             Began as a Deep Dwarf Fighter on Jan 5, 2018.
             Was a High Priest of Makhleb.
             Slain by a cyclops (12 damage)
             ... on level 1 of the Orcish Mines on Jan 6, 2018.
             The game lasted 00:19:36 (7764 turns).

theanonym the Severer (Deep Dwarf Fighter)          Turns: 7764, Time: 00:19:37

Health: 0/109      AC: 18    Str: 24    XL:     11   Next: 91%
Magic:  10/10      EV:  4    Int:  8    God:    Makhleb [*****.]
Gold:   648        SH: 11    Dex: 14    Spells: 10/10 levels left

rFire    + + .     SeeInvis .   B - +4 war axe (curse)
rCold    + + +     Gourm    .   c - +1 shield
rNeg     . . .     Faith    .   A - +1 plate armour {rC+} {18}
rPois    .         Spirit   .   E - +2 helmet
rElec    +         Reflect  .   J - +0 cloak "Vidagith" {rElec rF++ rC+} (curse)
rCorr    .         Harm     .   (no gloves)
MR       +....                  g - +0 pair of boots
Stlth    ..........             (no amulet)
HPRegen  0.00/turn              k - ring of protection from cold {rC+}
MPRegen  0.12/turn              G - +2 ring of dexterity

@: non-regenerating
A: damage resistance, heal wounds, sense surroundings 2, no regeneration
a: Heal Wounds, Minor Destruction, Lesser Servant of Makhleb, Major Destruction,
Greater Servant of Makhleb, Renounce Religion


Innate Abilities, Weirdness & Mutations

You are resistant to damage.
You can heal yourself by infusing magical energy.
You passively map the area around you.
You do not regenerate.


   Skills:
 + Level 10.2 Fighting
 * Level 15.8 Axes
 + Level 4.4 Armour
 + Level 4.4 Shields
 - Level 5.0 Invocations


You had 10 spell levels left.
You didn't know any spells.

Skill      XL: |  1  2  3  4  5  6  7  8  9 10 11 |
---------------+----------------------------------+-----
Axes           | 3 4 6 7 9 10 12 14 15 | 15.8
Fighting       | 3 4 6 8 9 10 | 10.2
Invocations    | 3 5 |  5.0
Armour         | 4 |  4.4
Shields        | 4 |  4.4

Action                   |  1- 3 |  4- 6 |  7- 9 | 10-12 || total
-------------------------+-------+-------+-------+-------++-------
Melee: War axe           |    90 |   204 |   377 |   562 ||  1233
Invok: Minor Destruction |       |       |     4 |       ||     4
       Lesser Servant of |       |       |       |     4 ||     4
       Greater Servant o |       |       |       |     1 ||     1
 Abil: Heal Wounds       |     1 |     4 |    11 |     2 ||    18
Evoke: Wand              |       |       |     1 |       ||     1
  Use: Scroll            |       |     1 |     9 |     6 ||    16
       Potion            |       |     1 |     4 |     4 ||     9
 Stab: Invisible         |       |       |     7 |       ||     7
       Distracted        |       |       |       |     2 ||     2
  Eat: Chunk             |       |     4 |     8 |     9 ||    21
       Ration            |       |     3 |       |     1 ||     4
Armor: Scale mail        |    42 |   138 |    26 |       ||   206
       Chain mail        |       |       |   141 |       ||   141
       Plate armour      |       |       |    27 |   319 ||   346
Dodge: Dodged            |    32 |   104 |    69 |    69 ||   274
Block: Shield            |    60 |   174 |   193 |   282 ||   709

Inventory:

Hand Weapons
 a - a +0 war axe
 B - a cursed +4 war axe (weapon)
   (You took it off a wight on level 6 of the Dungeon)
Armour
 b - a +0 scale mail {10}
 c - a +1 shield (worn)
 f - a +2 helmet of intelligence
   (You took it off Robin on level 3 of the Dungeon)
 g - a +0 pair of boots (worn)
   (You found it on level 4 of the Dungeon)
 v - a +0 cloak
   (You took it off Crazy Yiuf on level 5 of the Dungeon)
 x - a +0 plate armour {18}
   (You took it off an orc warrior on level 9 of the Dungeon)
 A - a +1 plate armour of cold resistance (worn) {18}
   (You took it off an orc warrior on level 9 of the Dungeon)
 E - a +2 helmet (worn)
   (You found it on level 9 of the Dungeon)
 J - the cursed +0 cloak "Vidagith" (worn) {rElec rF++ rC+}
   (You found it on level 7 of the Dungeon)

   It greatly protects you from fire.
   It protects you from cold.
   It insulates you from electricity.
   It has a curse placed upon it.
 R - a +0 chain mail
   (You bought it in a shop on level 4 of the Dungeon)
Jewellery
 k - a ring of protection from cold (left hand) {rC+}
   (You found it on level 1 of the Dungeon)
 G - a +2 ring of dexterity (right hand)
   (You found it on level 8 of the Dungeon)
 I - an uncursed ring of protection from cold {rC+}
   (You found it on level 8 of the Dungeon)
Wands
 d - a wand of digging (10)
   (You found it on level 10 of the Dungeon)
 t - a wand of iceblast (8)
   (You took it off an orc on level 9 of the Dungeon)
 y - a wand of scattershot (5)
   (You found it on level 6 of the Dungeon)
Scrolls
 j - 3 scrolls of amnesia
 m - 2 scrolls of enchant armour
 n - 5 scrolls of remove curse
 o - a scroll of magic mapping {unknown}
 r - a scroll of identify
 D - a scroll of enchant weapon {unknown}
 H - a scroll of noise {unknown}
 L - a scroll of teleportation {unknown}
 M - a scroll of blinking {unknown}
 N - a scroll of torment {unknown}
 P - a scroll of vulnerability {unknown}
Potions
 h - 2 potions of resistance {rF+ rC+}
 i - 3 potions of ambrosia
 p - 2 potions of magic
 q - 3 potions of heal wounds
 s - 3 potions of degeneration
 w - 4 potions of curing
 z - a potion of lignification
 F - 2 potions of brilliance
 K - 2 potions of might
 Q - a potion of flight {unknown}
Books
 C - a book of Enchantments
   (You found it on level 9 of the Dungeon)
Comestibles
 e - 19 rations


You were on level 1 of the Orcish Mines.
You worshipped Makhleb.
Makhleb was extremely pleased with you.
You were not hungry.

You visited 2 branches of the dungeon, and saw 11 of its levels.

You collected 697 gold pieces.
You spent 49 gold pieces at shops.

Dungeon Overview and Level Annotations

Branches:
Dungeon (10/15)            Temple (0/1) D:6            Lair (0/6) D:10
    Orc (1/2) D:9

Altars:
Dithmenos
Elyvilon
Gozag
Kikubaaqudgha
Makhleb
Nemelex Xobeh
Okawaru
Qazlal
Ru
Uskayaw
Vehumet
Wu Jian
Yredelemnul
Beogh

Shops:
D:4 [

Portals:
Trove: D:10 (show abyssal rune of Zot)

# ## ### .## ###.## #.##
#....## #####*#
##.####....# ##.#.#$#
#..##.....## ...##$## *
##....)....###......#..
##...........#..........
#............(.(@C......
#...............3...#...
...................##*
.....###..........##* ,
* .......#...........#*
, ,* *
..................##...
,
#.............#....#...
##.....................
* ##......)#..##...>....


You could see a cyclops and a friendly smoke demon.

Notes
Turn   | Place    | Note
-------+----------+-------------------------------------------
     0 | D:1      | theanonym the Deep Dwarf Fighter began the quest for the Orb.
     0 | D:1      | Reached XP level 1. HP: 20/20 MP: 1/1
    48 | D:1      | Reached XP level 2. HP: 24/27 MP: 2/2
   170 | D:1      | Reached skill level 3 in Axes
   196 | D:1      | Reached skill level 3 in Fighting
   377 | D:1      | Reached XP level 3. HP: 25/34 MP: 3/3
   678 | D:2      | Reached skill level 4 in Axes
   684 | D:2      | HP: 16/34 [worm (2)]
   814 | D:2      | Reached XP level 4. HP: 41/42 MP: 4/4
  1030 | D:2      | Found an iron altar of Okawaru.
  1031 | D:2      | Found a shadowy altar of Dithmenos.
  1251 | D:3      | Found a sacrificial altar of Ru.
  1262 | D:3      | Reached XP level 5. HP: 29/50 MP: 5/5
  1326 | D:3      | HP: 25/50 [orc/mace of draining (1)]
  1331 | D:3      | HP: 19/50 [orc/mace of draining (4)]
  1335 | D:3      | Reached skill level 5 in Axes
  1336 | D:3      | HP: 13/50 [orc wizard/puff of flame (4)]
  1342 | D:3      | HP: 25/50 [something/magic dart (5)]
  1371 | D:3      | Found a sparkling altar of Nemelex Xobeh.
  1371 | D:3      | Found a radiant altar of Vehumet.
  1428 | D:3      | Noticed Robin
  1430 | D:3      | Reached skill level 4 in Fighting
  1432 | D:3      | Noticed a hungry ghost
  1439 | D:3      | Killed Robin
  1442 | D:3      | HP: 25/50 [adder (2)]
  1455 | D:3      | HP: 20/50 [orc/spear (1)]
  1460 | D:3      | HP: 15/50 [hungry ghost (2)]
  1466 | D:3      | HP: 12/50 [hungry ghost (2)]
  1482 | D:3      | Killed a hungry ghost
  1482 | D:3      | Reached skill level 6 in Axes
  1482 | D:3      | Reached XP level 6. HP: 14/58 MP: 6/6
  1502 | D:3      | HP: 29/58 [gnoll/spear (3)]
  1508 | D:3      | HP: 24/58 [gnoll/spear (2)]
  1534 | D:3      | Found a stormy altar of Qazlal.
  1659 | D:3      | Found an ancient bone altar of Kikubaaqudgha.
  1875 | D:4      | HP: 29/58 [phantom (4)]
  1880 | D:4      | Reached skill level 7 in Axes
  1880 | D:4      | Reached XP level 7. HP: 27/66 MP: 7/7
  1946 | D:4      | Reached skill level 5 in Fighting
  2082 | D:4      | Found Reidenij's Armour Boutique.
  2085 | D:4      | Bought a +0 chain mail for 49 gold pieces
  2175 | D:4      | Reached skill level 8 in Axes
  2548 | D:5      | Entered Level 5 of the Dungeon
  2578 | D:5      | Noticed Pikel
  2626 | D:5      | Killed Pikel
  2626 | D:5      | Reached skill level 6 in Fighting
  2626 | D:5      | Reached skill level 9 in Axes
  2626 | D:5      | Reached XP level 8. HP: 55/76 MP: 7/7
  2721 | D:5      | HP: 38/76 [acid (3)]
  2796 | D:5      | Reached skill level 10 in Axes
  3006 | D:5      | Found a burning altar of Makhleb.
  3023 | D:5      | Became a worshipper of Makhleb the Destroyer
  3068 | D:5      | Found a runed door.
  3117 | D:5      | Found a sparkling altar of Nemelex Xobeh.
  3229 | D:5      | Noticed Crazy Yiuf
  3241 | D:5      | Killed Crazy Yiuf
  3340 | D:6      | HP: 36/78 [sky beast (5)]
  3374 | D:6      | Gained mutation: You passively map the area around you. [Deep Dwarf growth]
  3374 | D:6      | Reached XP level 9. HP: 63/85 MP: 8/8
  3522 | D:6      | Found an opulent altar of Gozag.
  3636 | D:6      | HP: 36/85 [ogre/giant club (9)]
  3638 | D:6      | Reached skill level 7 in Fighting
  3638 | D:6      | Reached skill level 11 in Axes
  3702 | D:6      | Reached * piety under Makhleb
  3897 | D:6      | Found a staircase to the Ecumenical Temple.
  3952 | D:7      | You fall through a shaft for 2 floors!
  3952 | D:9      | Noticed a hand axe
  3953 | D:9      | Noticed a hand axe
  3959 | D:9      | Found a hide-covered altar of Uskayaw.
  3971 | D:9      | Found a staircase to the Orcish Mines.
  3980 | D:9      | HP: 42/86 [orc warrior/halberd (21)]
  3982 | D:9      | Reached skill level 12 in Axes
  3986 | D:9      | HP: 35/86 [orc warrior/halberd (7)]
  4013 | D:9      | Found a roughly hewn altar of Beogh.
  4013 | D:9      | HP: 36/87 [orc priest/divine providence (10)]
  4018 | D:9      | HP: 16/87 [orc priest/nerve-wracking pain (3)]
  4038 | D:9      | HP: 30/87 [orc warrior/mace (7)]
  4049 | D:9      | HP: 19/88 [orc warrior/trident (8)]
  4054 | D:9      | Reached ** piety under Makhleb
  4056 | D:9      | HP: 33/88 [orc warrior/trident (4)]
  4099 | D:9      | Noticed a troll
  4108 | D:9      | HP: 38/88 [troll (7)]
  4110 | D:9      | Killed a troll
  4110 | D:9      | Reached skill level 8 in Fighting
  4195 | D:9      | Reached XP level 10. HP: 88/96 MP: 6/6
  4221 | D:9      | Reached skill level 13 in Axes
  4225 | D:9      | HP: 48/98 [poisoned by a queen bee]
  4238 | D:9      | HP: 45/98 [something (5)]
  4364 | D:8      | Reached *** piety under Makhleb
  4365 | D:8      | Noticed a two-headed ogre
  4376 | D:8      | Killed a two-headed ogre
  4376 | D:8      | Reached skill level 9 in Fighting
  4376 | D:8      | Reached skill level 14 in Axes
  4421 | D:8      | Reached skill level 1 in Invocations
  4481 | D:8      | Found a basalt altar of Yredelemnul.
  4737 | D:8      | Reached skill level 2 in Invocations
  4826 | D:7      | Reached **** piety under Makhleb
  4949 | D:7      | Noticed Duvessa
  4950 | D:7      | Noticed Dowan
  4957 | D:7      | Killed Duvessa
  4965 | D:7      | Killed Dowan
  5003 | D:7      | Identified the cursed +0 cloak "Vidagith" {rElec rF++ rC+} (You found it on level 7 of the Dungeon)
  5014 | D:7      | Reached skill level 3 in Invocations
  5014 | D:7      | Reached XP level 11. HP: 105/106 MP: 9/9
  5035 | D:7      | Found an ornate altar of the Wu Jian Council.
  5283 | D:8      | Noticed a two-headed ogre
  5297 | D:8      | HP: 49/106 [two-headed ogre/dire flail (5)]
  5305 | D:8      | Killed a two-headed ogre
  5307 | D:8      | HP: 38/106 [orc warrior/halberd (3)]
  5310 | D:8      | Reached skill level 4 in Invocations
  5316 | D:8      | HP: 36/106 [orc wizard/magic dart (3)]
  5567 | D:8      | Found a white marble altar of Elyvilon.
  5768 | D:9      | HP: 42/106 [orc priest/divine providence (11)]
  5945 | D:9      | Noticed a queen ant
  5954 | D:9      | Reached skill level 15 in Axes
  5963 | D:9      | HP: 52/108 [queen ant (6)]
  5966 | D:9      | Reached skill level 5 in Invocations
  5977 | D:9      | Killed a queen ant
  5980 | D:9      | Reached skill level 10 in Fighting
  6220 | D:9      | Reached ***** piety under Makhleb
  6454 | D:10     | Entered Level 10 of the Dungeon
  6914 | D:10     | Found a portal to a secret trove of treasure.
  7381 | D:10     | Reached skill level 4 in Armour
  7381 | D:10     | Reached skill level 4 in Shields
  7420 | D:10     | Found a staircase to the Lair.
  7532 | D:10     | HP: 47/108 [komodo dragon (15)]
  7608 | Orc:1    | Entered Level 1 of the Orcish Mines
  7610 | Orc:1    | Noticed an orc knight
  7629 | Orc:1    | HP: 45/109 [orc knight/arbalest (12)]
  7635 | Orc:1    | Killed an orc knight
  7635 | Orc:1    | HP: 50/109 [orc warrior/tomahawk[an orc knight] (3)]
  7750 | Orc:1    | HP: 24/109 [cyclops/large rock (36)]
  7756 | Orc:1    | HP: 32/109 [cyclops/large rock (14)]
  7760 | Orc:1    | HP: 12/109 [cyclops (20)]
  7764 | Orc:1    | Slain by a cyclops

Vanquished Creatures
  2 two-headed ogres (D:8)
  A queen ant (D:9)
  Pikel (D:5)
  A gargoyle (D:8)
  2 komodo dragons (D:10)
  A queen bee (D:9)
  2 trolls (D:9)
  2 hippogriffs
  3 wyverns
  3 yaks (D:9)
  A hungry ghost (D:3)
  12 soldier ants (D:9)
  An acid dragon (D:10)
  Duvessa (D:7)
  6 orc warriors
  2 ice beasts
  4 phantoms
  2 sky beasts
  8 ogres
  2 slaves (D:5)
  3 centaurs
  A big kobold (D:7)
  5 bullfrogs
  Dowan (D:7)
  4 scorpions
  20 killer bees
  8 wights (D:6)
  3 howler monkeys (D:8)
  An electric eel (D:10)
  4 crimson imps
  A centaur zombie (D:6)
  4 hounds
  5 jellies
  14 orc wizards
  3 bullfrog skeletons
  A gnoll shaman (D:8)
  11 orc priests
  2 centaur skeletons
  3 iguanas
  Crazy Yiuf (D:5)
  44 worker ants
  2 hound zombies
  A hound skeleton (D:6)
  A worker ant zombie (D:6)
  Robin (D:3)
  11 gnolls
  18 adders
  5 shadow imps
  2 oozes
  An adder skeleton (D:9)
  An adder zombie (D:9)
  A worm (D:2)
  2 dart slugs
  3 leopard geckos (D:8)
  37 orcs
  6 giant cockroaches
  21 goblins
  10 hobgoblins
  10 jackals
  19 kobolds
  5 quokkas
  3 ball pythons
  8 bats
  5 frilled lizards
  A leopard gecko zombie (D:7)
  A quokka skeleton (D:8)
  2 quokka zombies
  4 rats
377 creatures vanquished.

Vanquished Creatures (collateral kills)
  An orc knight (Orc:1)
  2 orc warriors (Orc:1)
  2 ogres (Orc:1)
  An orc wizard (D:8)
  4 orcs
10 creatures vanquished.

Vanquished Creatures (others)
  An orc warrior (D:9)
  A slave (D:5)
  An orc wizard (D:5)
  4 orcs
7 creatures vanquished.

Grand Total: 394 creatures vanquished

Table legend:
 A = Turns spent in this place as a percentage of turns spent in the entire game.
 B = Non-inter-level travel turns spent in this place as a percentage of non-inter-level travel turns spent in the entire game.
 C = Inter-level travel turns spent in this place as a percentage of turns spent in this place.
 D = Turns resting spent in this place as a percentage of non-inter-level travel turns spent in this place.
 E = Turns spent auto-exploring this place as a percentage of non-inter-level travel turns spent in this place.
 F = Non-inter-level travel turns spent in this place divided by the number of levels of this place that you've seen.
                   A       B       C       D       E      F
               +-------+-------+-------+-------+-------+----------------------
         Total | 100.0 | 100.0 |   6.9 |   0.1 |  69.7 | 656.9
       Dungeon |  98.0 |  97.8 |   7.1 |   0.1 |  70.1 | 707.0
  Orcish Mines |   2.0 |   2.2 |   0.0 |   0.0 |  51.3 | 156.0
               +-------+-------+-------+-------+-------+----------------------
